 Dungeon Crawl Stone Soup version 0.26.0-10-g1f06aea511 (webtiles) character file.

Game seed: 9379610981666152328

227 tsouns the Skirmisher (level 6, -1/57 HPs)
             Began as a Hill Orc Delver on Jan 22, 2021.
             Was a Follower of Dithmenos.
             Succumbed to a scorpion's poison
             ... on level 4 of the Dungeon.
             The game lasted 00:03:40 (3131 turns).

tsouns the Skirmisher (Hill Orc Delver)             Turns: 3131, Time: 00:03:40

Health: -1/57      AC: 11    Str: 17    XL:     6   Next: 2%
Magic:  6/6        EV:  0    Int: 10    God:    Dithmenos [*.....]
Gold:   216        SH: 10    Dex: 10    Spells: 5/5 levels left

rFire    + . .     SeeInvis .   a - +0 hand axe
rCold    . . .     Faith    .   r - +0 tower shield
rNeg     . . .     Spirit   .   v - +0 plate armour
rPois    .         Reflect  .   (no helmet)
rElec    .         Harm     .   (no cloak)
rCorr    .         Rampage  .   (no gloves)
Will     .....                  t - +0 pair of boots
Stlth    ..........             (no amulet)
HPRegen  0.19/turn              (no ring)
MPRegen  0.10/turn              (no ring)

@: lethally poisoned (-1 -> -24), attractive, flying, wreathed by umbra
A: clumsy 1, fire resistance 1
a: Renounce Religion


You were on level 4 of the Dungeon.
You worshipped Dithmenos.
Dithmenos was aware of your devotion.
You visited 1 branch of the dungeon, and saw 4 of its levels.

You collected 216 gold pieces.

Inventory:

Hand Weapons
 a - a +0 hand axe (weapon)
Missiles
 p - 2 throwing nets (quivered)
Armour
 b - a +0 leather armour
 i - a +0 chain mail
 r - a +0 tower shield (worn)
 t - a +0 pair of boots (worn)
 v - a +0 plate armour (worn)
Wands
 g - a wand of digging (3)
 h - a wand of iceblast (15)
Scrolls
 c - a scroll of fog
 d - a scroll of magic mapping
 e - 2 scrolls of fear
 f - a scroll of blinking {unknown}
 j - 6 scrolls of identify {unknown}
 l - 2 scrolls of immolation {unknown}
 q - 2 scrolls of remove curse {unknown}
Potions
 k - 2 potions of mutation
 m - a potion of degeneration {unknown}
 n - a potion of haste
 o - a potion of invisibility {unknown}
 s - 2 potions of attraction


   Skills:
 + Level 6.1 Fighting
 + Level 5.9 Axes
 - Level 1.5 Dodging
 - Level 4.1 Stealth


You had 5 spell levels left.
You didn't know any spells.
Your spell library was empty.

Dungeon Overview and Level Annotations

Branches:
Dungeon (5/15)
 Temple: D:4-7

Altars:
Dithmenos
Fedhas
Gozag
Xom
Zin

Shops:
D:4 (

Annotations:
D:4 1 transporter, denisd0's ghost, amateur OpEE


Innate Abilities, Weirdness & Mutations

You are clumsy. (Dex -2)
Your flesh is heat resistant. (rF+)


Message History

Unknown command.
It was a potion of mutation.
You feel extremely strange.
You feel clumsy.
You feel resistant to heat.
* * * LOW HITPOINT WARNING * * *
You feel sick. The scorpion stings you.
* * * LOW HITPOINT WARNING * * *
You are more poisoned.
The scorpion poisons you!
It was a potion of attraction.
You feel attractive to monsters.
* * * LOW HITPOINT WARNING * * *
You feel sick.
The scorpion stings you but does no damage.
It was a potion of magic.
Magic courses through your body.
* * * LOW HITPOINT WARNING * * *
You feel sick. You block the scorpion's attack.
It was a potion of flight.
You feel very buoyant.
You fly up into the air.
You die...

##.....## #.......##
######## #........
........ .......
#.######. ...$. ..#.#
#.. ... #.#.# ###..
#s# #.#.###.... #@###
#.#.#...... #...#
#.#.#.#....
#.#####.####.#....##.#
#............#.....#..
#####.###.###......###
#.# #..........# #
#.###.###......###
#.....###.......##
#.#.####.........#


You could see a scorpion.

Vanquished Creatures
  A bullfrog (D:4)
  A hound (D:4)
  7 adders
  A worm (D:2)
  2 dart slugs (D:2)
  A leopard gecko (D:2)
  8 orcs
  A ball python (D:2)
  3 goblins
  6 hobgoblins
  2 jackals (D:3)
  5 kobolds
  3 quokkas
  5 bats
  2 frilled lizards (D:2)
  7 rats
55 creatures vanquished.

Notes
Turn   | Place    | Note
-------+----------+-------------------------------------------
     0 | D:5      | tsouns the Hill Orc Delver began the quest for the Orb.
     0 | D:5      | Reached XP level 1. HP: 19/19 MP: 1/1
     2 | D:5      | Noticed an orc priest
    72 | D:4      | Noticed a hound
    73 | D:4      | Reached skill level 4 in Fighting
    73 | D:4      | Reached XP level 2. HP: 11/27 MP: 2/2
    83 | D:4      | Reached XP level 3. HP: 7/34 MP: 3/3
   692 | D:3      | Reached XP level 4. HP: 39/41 MP: 4/4
   780 | D:3      | Found a shadowy altar of Dithmenos.
   791 | D:3      | Became a worshipper of Dithmenos the Shadowed
  1007 | D:2      | Reached skill level 5 in Fighting
  1859 | D:2      | Reached skill level 5 in Axes
  1859 | D:2      | Reached XP level 5. HP: 42/48 MP: 5/5
  2200 | D:3      | Found a glowing silver altar of Zin.
  2233 | D:3      | Found a shimmering altar of Xom.
  2234 | D:3      | Found a blossoming altar of Fedhas.
  2266 | D:3      | Reached * piety under Dithmenos
  2531 | D:3      | Found an opulent altar of Gozag.
  2882 | D:4      | Found a transporter.
  2886 | D:4      | Noticed denisd0's ghost (amateur OpEE)
  2948 | D:4      | Found Kihas's Weapon Boutique.
  3027 | D:4      | Reached skill level 6 in Fighting
  3118 | D:4      | Reached XP level 6. HP: 27/57 MP: 6/6
  3128 | D:4      | Gained mutation: You are clumsy. (Dex -2) [potion of
                  | mutation]
  3128 | D:4      | Gained mutation: Your flesh is heat resistant. (rF+)
                  | [potion of mutation]
  3130 | D:4      | HP: 1/57 [poisoned by a scorpion]
  3131 | D:4      | Succumbed to a scorpion's poison

Illustrated notes

Levels and vault maps discovered:
D:2:      layout_basic, minmay_vboxes
D:3:      layout_basic, zin_scriptorium, nicolae_dithmenos_shadow_blocks,
          gammafunk_temple_overflow_pools, grunt_gozag_breadcrumbs
D:4:      layout_loops_ring, gammafunk_ghost_stat_death, serial_shops, shop,
          palyth_stone_intersect, kennysheep_dice
D:5:      layout_basic, minmay_temple_entry_mini_moons,
          hangedman_decor_riveting, okawaru_metal_pillars_1_2

Skill      XL: |  1  2  3  4  5 |
---------------+----------------+-----
Fighting       | 4 5 6 |  6.1
Axes           | 3 4 5 |  5.9
Dodging        | |  1.5
Stealth        | |  4.1

Action                   |  1- 3 |  4- 6 || total
-------------------------+-------+-------++-------
Melee: Hand axe          |    20 |   205 ||   225
Evoke: Wand              |     4 |       ||     4
  Use: Potion            |     1 |     4 ||     5
Armor: Leather armour    |     9 |       ||     9
       Chain mail        |       |    85 ||    85
       Plate armour      |       |    21 ||    21
Dodge: Dodged            |    14 |    27 ||    41
Block: Tower shield      |       |    69 ||    69
